 Dungeon Crawl Stone Soup version 0.18-a0-1791-g880dd48 (webtiles) character file.

165 Eucla the Insei (level 5, -4/37 HPs)
             Began as an Octopode Monk on Apr 22, 2016.
             Was a Believer of Sif Muna.
             Slain by an orc warrior
             ... wielding a +0 scimitar
              (14 damage)
             ... on level 4 of the Dungeon.
             The game lasted 00:03:02 (1954 turns).

Eucla the Insei (Octopode Monk)                     Turns: 1954, Time: 00:03:02

Health: -4/37      AC:  6    Str: 12    XL:     5   Next: 46%
Magic:  6/6        EV: 13    Int: 10    God:    Sif Muna [**....]
Gold:   229        SH:  0    Dex: 14    Spells: 0 memorised, 6 levels left

rFire  . . .     SeeInvis +     o - +2 short sword (protect)
rCold  . . .     Gourm    .     (no shield)
rNeg   . . .     Faith    .     (helmet restricted)
rPois  .         Spirit   .     (no amulet)
rElec  .         Dismiss  .     w - ring of see invisible
rCorr  .         Reflect  .     f - -2 ring of intelligence (curse)
SustAt .         Harm     .     (no ring)
MR     .....                    (no ring)
Stlth  +++.......               (no ring)
                                (no ring)
                                (no ring)
                                (no ring)

@: not resistant to hostile enchantments, fairly stealthy
A: almost no armour, amphibious, 8 rings, constrict 8, camouflage 1, gelatinous
body 1
a: Channel Energy, Renounce Religion


You were on level 4 of the Dungeon.
You worshipped Sif Muna.
Sif Muna was pleased with you.
You were not hungry.

You visited 1 branch of the dungeon, and saw 4 of its levels.

You collected 229 gold pieces.

Inventory:

Hand Weapons
 o - a +2 short sword of protection (weapon)
 s - a cursed -1 whip
Jewellery
 f - a cursed -2 ring of intelligence (right tentacle)
 w - a ring of see invisible (left tentacle)
Wands
 v - a wand of slowing (28/48)
Scrolls
 g - 2 scrolls of fog {unknown}
 h - a scroll of amnesia {unknown}
 i - a scroll of teleportation {unknown}
 l - a scroll of remove curse {unknown}
 m - a scroll of recharging {unknown}
 q - 2 scrolls of identify {unknown}
Potions
 b - 2 potions of heal wounds {unknown}
 c - 2 potions of cancellation {unknown}
 e - a potion of ambrosia {unknown}
 j - 2 potions of lignification {unknown}
 k - 2 potions of curing
 p - a potion of mutation {unknown}
 r - a potion of might {unknown}
 t - a potion of haste {unknown}
 x - a potion of invisibility {unknown}
Comestibles
 a - 4 bread rations
 d - 2 meat rations
 n - 4 fruits


   Skills:
 + Level 4.2 Fighting
 - Level 3.0 Dodging
 - Level 2.6 Stealth
 * Level 5.5 Unarmed Combat
 + Level 1.1 Spellcasting


You had 6 spell levels left.
You didn't know any spells.

Dungeon Overview and Level Annotations

Branches:
Dungeon (4/15)
 Temple: D:4-7

Altars:
Cheibriados
Gozag
Sif Muna

Shops:
D:2 *


Innate Abilities, Weirdness & Mutations

You cannot wear most types of armour.
You are amphibious.
You can wear up to eight rings at the same time.
You can use your tentacles to constrict eight enemies at once.
Your skin changes colour to match your surroundings (Stealth).
Your rubbery body absorbs attacks (AC +1).


Message History

The iguana hisses angrily.
Found 4 gold pieces.
There is an open door here.
There are monsters nearby!
You hit the orc. You grab the orc.
The orc is severely wounded.
You constrict the orc. The orc barely misses you. The orc closely misses you.
There are monsters nearby!
You hit the orc but do no damage. You squeeze the orc.
You kill the orc!
The iguana bites you! The orc barely misses you.
There are monsters nearby!
You hit the orc warrior but do no damage.
Your grab misses the orc warrior. You squeeze the orc warrior.
The orc warrior is lightly wounded.
The orc priest casts a cantrip, but nothing happens.
The iguana bites you!
* * * LOW HITPOINT WARNING * * *
The orc warrior hits you with a scimitar!
You die...

#..###. .$.....
...... .....
###+## ...#
#....###...##.#
#......#lo.....
#..)...@oo.....
#......#o[.....
#......#.......
#......#.......
#'###########+#
#.....####....#
#........<....#
#.............+
#.............#


You could see an orc warrior, an iguana, an orc priest and 2 orcs.

Vanquished Creatures
  Jessica (D:2)
  Ijyb (D:3)
  2 gnolls (D:3)
  3 adders
  An ooze (D:1)
  4 worms
  3 orcs
  6 goblins
  8 hobgoblins
  2 jackals (D:3)
  4 kobolds
  2 quokkas (D:3)
  7 bats
  3 giant newts
  4 rats
  A fungus (D:3)
52 creatures vanquished.

Vanquished Creatures (others)
  A fungus (D:3)
1 creature vanquished.

Grand Total: 53 creatures vanquished

Notes
Turn   | Place    | Note
--------------------------------------------------------------
     0 | D:1      | Eucla the Octopode Monk began the quest for the Orb.
     0 | D:1      | Reached XP level 1. HP: 16/16 MP: 1/1
    70 | D:1      | Reached XP level 2. HP: 20/21 MP: 2/2
   413 | D:2      | Found Gozag's Platinum Reserve.
   417 | D:2      | Found an opulent altar of Gozag.
   424 | D:2      | Noticed Jessica
   429 | D:2      | Killed Jessica
   429 | D:2      | Reached XP level 3. HP: 26/26 MP: 3/3
   512 | D:2      | Reached skill level 5 in Unarmed Combat
   673 | D:2      | Reached XP level 4. HP: 30/31 MP: 4/4
  1080 | D:3      | Found a faded altar to an unknown god.
  1174 | D:3      | Became a worshipper of Sif Muna the Loreminder
  1174 | D:3      | Reached * piety under Sif Muna
  1174 | D:3      | Reached ** piety under Sif Muna
  1288 | D:3      | Noticed Ijyb
  1318 | D:3      | Killed Ijyb
  1668 | D:3      | Reached XP level 5. HP: 36/37 MP: 6/6
  1678 | D:3      | Reached skill level 1 in Spellcasting
  1753 | D:3      | Found a snail-covered altar of Cheibriados.
  1950 | D:4      | Noticed an orc warrior
  1954 | D:4      | Slain by an orc warrior

Vault maps used:
D:1:      minmay_arrival_five_plusses, minmay_misc_feat_cross
D:2:      minmay_misc_feat_chi, nicolae_gozag_zags_fifth_avenue, uniq_jessica
D:3:      cheibriados_altar_wand_db, first_bread, ecumenical_altar_2,
          minmay_gold_behind_fungi, uniq_iyjb
D:4:      grunt_temple_overflow_champion_of_chaos, led_sif_book,
          nicolae_dithmenos_through_a_glass_darkly

Skill      XL: |  1  2  3  4  5 |
---------------+----------------+-----
Unarmed Combat | 5 |  5.5
Spellcasting   | 1 |  1.1
Fighting       | 4 |  4.2
Dodging        | |  3.0
Stealth        | |  2.6

Action                   |  1- 3 |  4- 6 || total
-------------------------+-------+-------++-------
Melee: Unarmed           |    49 |       ||    49
       Constrict         |    15 |    25 ||    40
       Tentacles         |     8 |    18 ||    26
       Punch             |     4 |     2 ||     6
       Short sword       |       |    78 ||    78
  Use: Potion            |       |     2 ||     2
 Stab: Sleeping          |     6 |     5 ||    11
  Eat: Chunk             |       |     3 ||     3
Armor: Skin              |     3 |    12 ||    15
Dodge: Dodged            |    20 |    42 ||    62
